 Dungeon Crawl Stone Soup version 0.28-a0-724-g66f9036eb4 (webtiles) character file.

Game seed: 1312704917666476705

59 jasper the Charlatan (level 3, -12/42 HPs)
             Began as a Demonspawn Artificer on Oct 26, 2021.
             Was an Initiate of Trog.
             Mangled by Crazy Yiuf (18 damage)
             ... on level 3 of the Dungeon.
             The game lasted 00:04:22 (4690 turns).

jasper the Charlatan (Demonspawn Artificer)         Turns: 4690, Time: 00:04:23

Health: -12/42     AC: 21    Str: 13    XL:     3   Next: 78%
Magic:  3/3        EV:  2    Int: 12    God:    Trog [......]
Gold:   169        SH:  0    Dex: 13    Spells: 2/2 levels left

rFire   . . .      SeeInvis .   k - +0 flail
rCold   . . .      Faith    .   (no shield)
rNeg    . . .      Spirit   .   (armour currently unavailable)
rPois   +          Reflect  .   (helmet currently unavailable)
rElec   .          Harm     .   (cloak currently unavailable)
rCorr   .          Rampage  .   (gloves currently unavailable)
Will    .....      NoTele   +   (boots currently unavailable)
Stlth   ++........              (no amulet)
HPRegen 0.14/turn               m - +4 ring of slaying
MPRegen 0.08/turn               (no ring)

@: mighty, brilliant, agile, tree-form, slowed, very slow
A: stationary, stasis, torment immunity, boosted hp, powered by pain 1, (spiny
1)
a: Renounce Religion


You were on level 3 of the Dungeon.
You worshipped Trog.
Trog was noncommittal.
You were a tree.
You visited 1 branch of the dungeon, and saw 3 of its levels.

You collected 169 gold pieces.

Inventory:

Hand Weapons
 a - a +0 club
 g - a +0 hand axe
 k - a +0 flail (weapon)
Missiles
 f - 33 stones (quivered)
 h - 87 bolts
 t - 15 poisoned darts
Armour
 b - a +0 leather armour
 i - a +0 pair of boots
 n - a +2 pair of boots (melded)
 r - a +0 scale mail (melded)
Jewellery
 m - a +4 ring of slaying (left branch)
Wands
 c - a wand of flame (9)
 d - a wand of charming (15)
Scrolls
 v - a scroll of blinking
Potions
 l - a potion of mutation
 o - a potion of magic
 s - a potion of resistance {unknown}
 u - a potion of flight {unknown}
Miscellaneous
 e - a piece from Xom's chessboard (15/15)


   Skills:
 + Level 2.4 Fighting
 * Level 1.1 Axes
 + Level 2.7 Armour
 - Level 0.8 Dodging
 - Level 0.8 Stealth
 - Level 3.0 Evocations


You had 2 spell levels left.
You didn't know any spells.
Your spell library was empty.

Dungeon Overview and Level Annotations

Branches:
Dungeon (3/15)

Altars:
Trog

Annotations:
D:3 Crazy Yiuf


Innate Abilities, Weirdness & Mutations

You are a tree.
Your roots penetrate the ground, keeping you stationary.
You cannot be teleported.
You are immune to unholy pain and torment.
Your maximum health is greatly increased.
Your equipment is partially melded.
You sometimes gain a little power by taking damage.
((You are partially covered in sharp spines.))


Message History

Crazy Yiuf shouts!
Crazy Yiuf says, "Powder snockshim seventy!"
Really quaff the potion of lignification?
You turn into a tree.
Your +2 pair of boots melds into your body.
Your +0 scale mail melds into your body.
Your roots penetrate the ground.
You now have 42/42 hp.
As you open the door, it creaks loudly!
You hit Crazy Yiuf.
Crazy Yiuf is moderately wounded.
Crazy Yiuf hits you but does no damage.
You feel very mighty all of a sudden.
Crazy Yiuf hits you with a +3 quarterstaff of chaos.
Crazy Yiuf burns you.
You take 4 damage, and have 38/42 hp.
You thump Crazy Yiuf!
Crazy Yiuf is heavily wounded.
Crazy Yiuf hits you with a +3 quarterstaff of chaos!
You are confused.
You take 8 damage, and have 30/42 hp.
You cannot move. (Use ctrl+direction or * direction to attack without moving.)
You cannot move. (Use ctrl+direction or * direction to attack without moving.)
You attack the tree.
Crazy Yiuf hits you with a +3 quarterstaff of chaos!
You are electrocuted!
* * * LOW HITPOINT WARNING * * *
You take 19 damage, and have 11/42 hp.
MASSIVE DAMAGE!!
You nearly hit yourself!
Crazy Yiuf cries, "Spliff Xom high!"
Crazy Yiuf hits you but does no damage.
You attack the tree.
Crazy Yiuf hits you but does no damage.
You feel yourself slow down. Crazy Yiuf hits you but does no damage.
You feel agile all of a sudden.
It was a potion of brilliance.
You feel clever all of a sudden.
You feel less confused.
Crazy Yiuf hits you with a +3 quarterstaff of chaos.
* * * LOW HITPOINT WARNING * * *
You are electrocuted!!
You die...

...#.......####....#
####.#######
.......#.### #....#
#.......# ..####...#
♣....♣ ####.#####.#
..# ##### ♣♣...♣
#...## #.# ..# ♣♣.♣♣
#..#######.# .## ♣♣.♣
#.#........# ..##
♣.♣♣ ####.#######
##.#### ♣♣.♣ ####.#
......# ♣♣♣♣ ##.#.##
.#.##.# #g#
#.#.######## ..###.#
... ####...).... .##
#.# #...#
#.#.######## .# #.#
#)..# ##..# ###. .#
##.# ##### ##.# #...
## #..# #.#####...
#.##
##########.........
#.#
###..................


You could see Crazy Yiuf.

Vanquished Creatures
  2 adders (D:3)
  An adder zombie (D:1)
  A bat zombie (D:1)
  An endoplasm (D:1)
  2 giant cockroaches
  4 goblins
  3 hobgoblins
  2 jackals (D:1)
  A kobold (D:1)
  3 quokkas
  6 ball pythons
  2 bats
  3 frilled lizards (D:1)
  5 rats
36 creatures vanquished.

Notes
Turn   | Place    | Note
-------+----------+-------------------------------------------
     0 | D:1      | jasper the Demonspawn Artificer began the quest for the
                  | Orb.
     0 | D:1      | Reached XP level 1. HP: 15/15 MP: 1/1
   327 | D:1      | Gained mutation: You are partially covered in sharp spines.
                  | [demonic ancestry]
   327 | D:1      | Reached XP level 2. HP: 8/21 MP: 2/2
   895 | D:1      | Found a faded altar of an unknown god.
  3020 | D:2      | Gained mutation: You sometimes gain a little power by
                  | taking damage. [demonic ancestry]
  3020 | D:2      | Reached XP level 3. HP: 27/27 MP: 3/3
  4333 | D:3      | Found a bloodstained altar of Trog.
  4348 | D:3      | Reached skill level 1 in Axes
  4352 | D:3      | Became a worshipper of Trog the Wrathful
  4434 | D:3      | Found a runed translucent door.
  4435 | D:3      | Noticed Crazy Yiuf
  4690 | D:3      | Mangled by Crazy Yiuf

Illustrated notes

Levels and vault maps discovered:
D:1:      saegor_arrival_fortress, layout_loops_ring,
          dilly_ecumenical_altar_fadedgnrine, serial_co_window_serial,
          co_window_corner_a, co_window_of_opportunity_a, co_window_paths_a,
          co_window_paths_b, co_window_paths_a, co_window_cross_1,
          co_window_of_opportunity_a, co_window_paths_b, co_window_corner_a,
          co_window_broadway_a, co_window_paths_c, co_window_unsneaky_path_d,
          co_window_unsneaky_path_a, co_window_corner_cb, co_window_corner_b,
          co_window_of_opportunity_b, glass_columns_a, glass_columns_a,
          minmay_misc_feat_chi
D:2:      layout_basic, amcnicky_mini_corridor_feature
D:3:      layout_loops_ring, mainiacjoe_overflow_24_doors,
          hangedman_decor_growths, uniq_crazy_yiuf_cottage

Skill      XL: |  1  2  3 |
---------------+----------+-----
Armour         | 2 |  2.7
Fighting       | 2 |  2.4
Axes           | 1 |  1.1
Dodging        | |  0.8
Stealth        | |  0.8
Evocations     | |  3.0

Action                   || total
-------------------------++-------
Melee: Club              ||    47
       Flail             ||    31
Throw: Stone             ||    53
Evoke: Wand              ||     6
  Use: Scroll            ||     7
       Potion            ||     2
 Stab: Distracted        ||     1
Armor: Leather armour    ||    21
       Scale mail        ||     8
       Skin              ||     4
Dodge: Dodged            ||    58

Table legend: (Time is in decaauts)
 A = Elapsed time spent in this place.
 B = Non-inter-level travel time spent in this place.
 C = Inter-level travel time spent in this place.
 D = Time resting spent in this place.
 E = Time spent auto-exploring this place.
 F = Levels seen in this place.
 G = Mean time per level.
                   A        B        C        D        E       F      G
               +--------+--------+--------+--------+--------+-----+--------+
         Total |   4732 |   4298 |    434 |    894 |   2967 |   3 | 1577.3 |
       Dungeon |   4732 |   4298 |    434 |    894 |   2967 |   3 | 1577.3 |
               +--------+--------+--------+--------+--------+-----+--------+

Top non-repeatable levels by time:
     D:1: 2559 daAuts
     D:3: 1135 daAuts
     D:2: 1038 daAuts
